 Dungeon Crawl Stone Soup version 0.22.1-5-g62c59d919a (webtiles) character file.

110093 Ihlosi the Destroyer (level 17, -1/100 HPs)
             Began as a Kobold Ice Elementalist on Jan 6, 2019.
             Was a High Priest of Sif Muna.
             Killed from afar by a thorn hunter (24 damage)
             ... with a volley of thorns
             ... on level 3 of the Swamp on Jan 7, 2019.
             The game lasted 03:10:44 (41197 turns).

Ihlosi the Destroyer (Kobold Ice Elementalist)     Turns: 41197, Time: 03:10:44

Health: -1/100     AC:  8    Str:  8    XL:     17   Next: 9%
Magic:  17/42      EV: 28    Int: 20    God:    Sif Muna [*****.]
Gold:   1751       SH: 14    Dex: 21    Spells: 5/41 levels left

rFire    + . .     SeeInvis .   a - +10 dagger "Meil" {drain, +Rage rF+ MR+}
rCold    . . .     Gourm    .   y - +1 buckler
rNeg     . . .     Faith    .   I - +0 troll leather armour
rPois    +         Spirit   .   C - +1 hat
rElec    .         Reflect  +   O - scarf {cloud immunity}
rCorr    .         Harm     .   T - +0 pair of gloves
MR       ++...                  Y - +1 pair of boots
Stlth    ++++++....             p - +6 amulet of reflection
HPRegen  0.66/turn              X - ring of magical power
MPRegen  0.28/turn              Q - ring of poison resistance

@: agile, about to teleport
A: small, carnivore
a: Divine Energy, Channel Magic, Forget Spell, Renounce Religion, Evoke Berserk
Rage


You were on level 3 of the Swamp.
You worshipped Sif Muna.
Sif Muna was extremely pleased with you.
You were very full.

You visited 6 branches of the dungeon, and saw 30 of its levels.
You also visited: Labyrinth.

You collected 2591 gold pieces.
You spent 840 gold pieces at shops.

Inventory:

Hand Weapons
 a - the +10 dagger "Meil" (weapon) {drain, +Rage rF+ MR+}
   (You bought it in a shop on level 6 of the Dungeon)

   A truly terrible weapon, it drains the life of those it strikes.
   It protects you from fire.
   It affects your resistance to hostile enchantments.
   It lets you go berserk.
 b - the +8 short sword "Pona" {holy, rPois Str+2 Dex+4}
   (You bought it in a shop on level 14 of the Dungeon)

   It has been blessed by the Shining One to cause great damage to the undead
   and demons.
   It affects your strength (+2).
   It affects your dexterity (+4).
   It protects you from poison.
 m - a +3 scimitar of flaming
 r - a +1 rapier
Missiles
 d - 632 stones (quivered)
 k - a throwing net
 l - 90 poisoned needles
Armour
 y - a +1 buckler (worn)
 C - a +1 hat (worn)
 E - the cursed +0 chain mail "Obuung" {MR+ Str+4 SInv}
   (You found it on level 15 of the Dungeon)

   It affects your strength (+4).
   It affects your resistance to hostile enchantments.
   It lets you see invisible.
   It has a curse placed upon it.
 I - a +0 troll leather armour (worn)
 O - a scarf of cloud immunity (worn)
 T - a +0 pair of gloves (worn)
 Y - a +1 pair of boots (worn)
Jewellery
 h - an uncursed ring of protection from cold
 p - a +6 amulet of reflection (around neck)
 s - an uncursed ring of magical power
 t - an uncursed ring of stealth
 D - an uncursed ring of protection from magic
 P - a +3 ring of dexterity
 Q - a ring of poison resistance (right hand)
 S - a +4 ring of strength
 X - a ring of magical power (left hand)
 Z - an uncursed ring of fire
Wands
 q - a wand of digging (20)
 B - a wand of acid (8)
 H - a wand of flame (50)
 J - a wand of enslavement (16)
 R - a wand of scattershot (3)
Scrolls
 e - 3 scrolls of fog
 o - 4 scrolls of remove curse
 u - 2 scrolls of immolation
 w - a scroll of enchant weapon
 A - 3 scrolls of amnesia
 K - 3 scrolls of enchant armour
 M - 6 scrolls of teleportation
 U - 2 scrolls of torment
 V - 3 scrolls of magic mapping
 W - 4 scrolls of identify
Potions
 f - 3 potions of berserk rage
 g - 5 potions of lignification
 i - 2 potions of flight
 j - 2 potions of might
 v - a potion of brilliance
 x - 3 potions of haste
 z - 2 potions of ambrosia
 G - 5 potions of curing
 L - a potion of mutation
 N - 3 potions of cancellation
Comestibles
 c - 41 rations


   Skills:
 - Level 9.0 Fighting
 - Level 9.0 Short Blades
 - Level 3.0 Armour
 * Level 10.5 Dodging
 - Level 12.0 Stealth
 - Level 6.0 Shields
 * Level 12.9 Spellcasting
 * Level 12.9 Conjurations
 - Level 1.0 Fire Magic
 * Level 12.9 Ice Magic
 - Level 9.0 Evocations


You had 5 spell levels left.
You knew the following spells:

 Your Spells              Type           Power        Failure   Level  Hunger
a - Freeze                Ice            ####         1%          1    None
b - Throw Icicle          Conj/Ice       ######..     1%          4    None
c - Ensorcelled Hibernat  Hex/Ice        #####.       1%          2    None
d - Poisonous Vapours     Pois/Air       ##....       11%         2    None
e - Mephitic Cloud        Conj/Pois/Air  ####....     3%          3    None
f - Summon Ice Beast      Ice/Summ       #####...     4%          4    None
g - Sticky Flame          Conj/Fire      #####...     4%          4    None
h - Bolt of Cold          Conj/Ice       ######....   5%          6    #####..
i - Freezing Cloud        Conj/Ice/Air   #####.....   32%         6    #####..
j - Fulminant Prism       Conj/Hex       #####.....   4%          4    None

Your spell library contained the following spells:

 Spells                   Type           Power        Failure   Level  Hunger
 Magic Dart               Conj           ####         1%          1    None
 Sting                    Conj/Pois      ####         1%          1    None
 Searing Ray              Conj           ######       1%          2    None
 Throw Flame              Conj/Fire      #####.       1%          2    None
 Throw Frost              Conj/Ice       ######       1%          2    None
 Dazzling Spray           Conj/Hex       #####.       1%          3    None
 Ozocubu's Armour         Chrm/Ice       #####...     1%          3    None
 Stone Arrow              Conj/Erth      #####.       1%          3    None
 Iskenderun's Mystic Bla  Conj           ######..     1%          4    None
 Force Lance              Conj/Tloc      #####...     4%          4    None
 Ice Form                 Ice/Tmut       #####...     4%          4    None
 Animate Skeleton         Necr           N/A          8%          1    None
 Beastly Appendage        Tmut           ##....       8%          1    None
 Confusing Touch          Hex            ##....       8%          1    None
 Pain                     Necr           ##..         8%          1    None
 Sandblast                Erth           ##....       8%          1    None
 Summon Butterflies       Summ           ##......     8%          1    None
 Summon Small Mammal      Summ           ##..         8%          1    None
 Call Imp                 Summ           ##......     11%         2    None
 Passwall                 Tmut/Erth      ##......     11%         2    None
 Shroud of Golubria       Chrm/Tloc      ##........   11%         2    None
 Sticks to Snakes         Tmut           ##......     11%         2    None
 Metabolic Englaciation   Hex/Ice        #####.....   14%         5    ####...
 Venom Bolt               Conj/Pois      #####.....   14%         5    ####...
 Confuse                  Hex            ##......     22%         3    None
 Gell's Gravitas          Tloc           ##........   22%         3    None
 Regeneration             Chrm/Necr      ##........   22%         3    None
 Spider Form              Tmut/Pois      ##........   22%         3    None
 Vampiric Draining        Necr           ##........   22%         3    None
 Bolt of Magma            Conj/Fire/Erth ####......   30%         5    ####...
 Animate Dead             Necr           N/A          58%         4    None
 Leda's Liquefaction      Hex/Erth       ##........   58%         4    None
 Olgreb's Toxic Radiance  Pois           ##......     58%         4    None
 Petrify                  Tmut/Erth      ##......     58%         4    None
 Agony                    Necr           ##......     90%         5    ####...
 Aura of Abjuration       Summ           ##........   90%         5    ####...
 Blade Hands              Tmut           ##........   90%         5    ####...
 Lee's Rapid Deconstruct  Erth           ##........   90%         5    ####...
 Summon Demon             Summ           ##........   90%         5    ####...
 Yara's Violent Unravell  Hex/Tmut       ##........   90%         5    ####...
 Ozocubu's Refrigeration  Ice            ######....   5%          6    #####..
 Bolt of Fire             Conj/Fire      #####.....   54%         6    #####..
 Iron Shot                Conj/Erth      #####.....   61%         6    #####..
 Simulacrum               Ice/Necr       #####.....   61%         6    #####..
 Spellforged Servitor     Conj/Summ      #####.....   99%         7    #######
 Statue Form              Tmut/Erth      ##.......    100%        6    #####..
 Borgnjor's Revivificati  Necr           ##........   100%        8    #######
 Ignition                 Fire           ###.......   100%        8    #######
 Shatter                  Erth           ##........   100%        9    #######


Dungeon Overview and Level Annotations

Branches:
Dungeon (15/15)            Temple (1/1) D:7            Lair (6/6) D:8
  Swamp (4/4) Lair:3       Spider (0/4) Lair:4        Slime (0/5) Lair:6
    Orc (2/2) D:11            Elf (2/3) Orc:2        Vaults (0/5) D:13
 Depths: D:15

Altars:
Ashenzari
Cheibriados
Dithmenos
Elyvilon
Fedhas
Gozag
Hepliaklqana
Kikubaaqudgha
Makhleb
Nemelex Xobeh
Okawaru
Qazlal
Ru
Sif Muna
Trog
Uskayaw
Vehumet
Wu Jian
Xom
Yredelemnul
Zin
The Shining One
Beogh
Jiyva

Shops:
D:5 (   D:6 (   D:10 [   D:11 *   D:14 (   Orc:2 =*?:

Annotations:
D:8 exclusion: obsidian statue
Lair:2 1 runed door, mora's ghost, journeyman SpVM
Lair:4 Nessos; Rupert; Sonja
Lair:6 1 runed door
Orc:2 2 runed doors, Gunterle's ghost, journeyman OpCj
Elf:1 Nikola


Innate Abilities, Weirdness & Mutations

You are small and have problems with some larger weapons.
You are carnivorous and can eat meat at any time.


Message History

Casting: Bolt of Cold (safe; 5% risk of failure)
Confirm with . or Enter, or press ? or * to list all spells.
Okay, then.
You feel much better.
The thorn hunter fires a volley of thorns at you.
The volley of thorns hits you!
* * * LOW HITPOINT WARNING * * *
You feel much better.
The thorn hunter gestures.
You block the thorn hunter's attack. The thorn hunter barely misses you.
As you read the scroll of teleportation, it crumbles to dust.
You feel strangely unstable. The thorn hunter hits you!!
* * * LOW HITPOINT WARNING * * *
The thorn hunter hits you.
* * * LOW HITPOINT WARNING * * *
Okay, then.
You feel agile all of a sudden.
The thorn hunter fires a volley of thorns at you.
The volley of thorns hits you!
You die...

.≈≈....≈>..♣♣≈.≈♣♣♣♣≈..≈...≈≈≈≈≈≈
≈≈≈..≈≈≈§≈.≈...♣♣≈≈♣♣..≈≈≈§≈≈≈≈≈≈
≈≈≈≈≈≈≈§...≈.≈.≈≈.≈≈♣≈.≈≈≈≈≈≈≈≈≈.
≈≈≈..≈≈.♣♣♣..≈.≈.≈.≈♣♣♣≈≈≈≈≈≈≈≈≈.
≈≈≈≈....♣♣♣♣≈≈♣♣♣♣.≈♣ ♣♣≈≈≈≈.≈≈≈≈
≈♣♣♣♣♣♣♣♣....≈♣♣♣§§≈♣ ♣♣♣♣♣♣..≈♣
♣♣ ♣....≈.♣♣/§§§≈♣♣♣♣ ♣.♣♣♣ .♣♣
♣≈.≈≈.♣♣≈≈§f§♣♣≈.♣ ♣♣♣
.≈♣♣♣♣♣.≈≈..♣≈≈≈@♣♣♣..≈♣
≈≈..♣≈...≈♣.♣≈.♣♣♣♣.≈..♣ ♣
......≈≈....♣≈..≈.≈...♣♣ ♣♣
)....≈≈....♣♣≈≈≈.≈≈.♣♣♣ ♣♣.
....§≈≈.>.≈.♣♣≈≈≈♣♣..≈♣♣♣♣♣♣♣♣♣..
....≈≈≈≈....≈♣♣♣♣♣≈..≈....≈♣.≈.≈≈
.....≈≈≈≈≈..≈≈♣♣♣≈≈.♣♣♣≈..≈♣.≈≈≈≈
≈≈..≈.≈≈≈..♣...≈.≈≈.≈♣♣♣≈≈≈..≈≈≈≈
.♣♣≈....≈≈.♣≈≈♣♣♣♣♣≈≈..≈.≈≈.≈≈≈≈≈


You could see a thorn hunter.

Vanquished Creatures
  A thorn hunter (Swamp:2)
  A deep elf demonologist (Elf:1)
  A minotaur (Lab)
  An ettin (Orc:2)
  A fire dragon (D:15)
  6 ogre magi
  8 hydras
  A centaur warrior (D:14)
  4 dancing weapons
  22 two-headed ogres
  5 alligators
  4 death yaks
  3 spriggans (Swamp:2)
  3 deep elf knights (Elf:1)
  2 deep elf archers (Elf:1)
  A shambling mangrove (Swamp:3)
  A swamp dragon (Swamp:2)
  A lindwurm (Lair:6)
  An orb spider (Lair:4)
  An oklob plant (Swamp:2)
  22 deep elf magi
  A manticore (D:12)
  3 cyclopes
  7 elephants
  Psyche (D:8)
  2 centaur zombies
  9 black mambas
  A gargoyle (D:13)
  21 spiny frogs
  4 komodo dragons
  2 rime drakes (Lair:6)
  An efreet (D:13)
  A jumping spider (shapeshifter) (D:15)
  2 polar bears
  8 hornets
  11 tyrant leeches
  4 trolls
  25 slime creatures
  2 bog bodies
  7 hippogriffs
  23 blink frogs
  A wraith (D:11)
  A vampire (D:15)
  An air elemental (Elf:1)
  A shadow (Swamp:1)
  4 wyverns
  Sigmund (D:3)
  36 yaks
  2 hungry ghosts
  A fire elemental (Elf:1)
  Grum (D:8)
  2 basilisks
  11 vampire mosquitoes
  10 swamp worms
  3 insubstantial wisps (Swamp:3)
  Edmund (D:4)
  2 soldier ants
  12 porcupines
  9 water moccasins
  A floating eye (shapeshifter) (Elf:1)
  7 swamp drakes
  A black bear (D:10)
  6 ice beasts
  5 sky beasts
  30 ogres
  19 orc warriors
  5 phantoms
  3 necrophages
  7 wolves
  12 centaurs
  14 crocodiles
  A big kobold (D:11)
  14 bullfrogs
  An earth elemental (Elf:1)
  3 scorpions
  3 killer bees
  A troll zombie (D:11)
  11 wights
  A howler monkey (D:10)
  3 electric eels
  6 crimson imps
  A bullfrog zombie (D:5)
  A hound (D:11)
  4 jellies
  19 orc priests
  18 orc wizards
  3 centaur skeletons
  2 bullfrog skeletons
  5 iguanas
  2 hell rats (D:8)
  2 worker ants
  5 ogre zombies (D:11)
  A hound skeleton (D:10)
  2 worker ant zombies (D:7)
  8 gnolls (D:3)
  13 adders
  A river rat (D:8)
  5 shadow imps
  2 worms
  A dart slug (D:2)
  5 leopard geckos
  62 orcs
  6 giant cockroaches
  7 goblins
  8 hobgoblins
  14 jackals
  5 quokkas
  8 bats
  3 frilled lizards
  A goblin skeleton (D:11)
  3 goblin zombies (D:11)
  2 hobgoblin zombies (D:11)
  A jackal skeleton (D:4)
  9 kobolds
  2 leopard gecko skeletons
  4 orc skeletons (D:11)
  9 orc zombies (D:11)
  3 rats (D:1)
  2 butterflies (D:7)
727 creatures vanquished.

Vanquished Creatures (collateral kills)
  A dancing weapon (D:13)
  A shadow imp (D:13)
  An orc (Orc:2)
3 creatures vanquished.

Vanquished Creatures (others)
  A cyclops (D:13)
  A centaur (D:15)
  An orc (D:13)
  4 fulminant prisms
  26 fungi
  20 plants
53 creatures vanquished.

Grand Total: 783 creatures vanquished

Notes
Turn   | Place    | Note
-------+----------+-------------------------------------------
     0 | D:1      | Ihlosi the Kobold Ice Elementalist began the quest for the
                  | Orb.
     0 | D:1      | Reached XP level 1. HP: 10/10 MP: 3/3
   369 | D:1      | Reached XP level 2. HP: 9/15 MP: 0/5
   779 | D:1      | Reached XP level 3. HP: 18/20 MP: 1/6
  1100 | D:2      | Reached skill level 1 in Fighting
  1131 | D:2      | Reached XP level 4. HP: 16/25 MP: 0/8
  1139 | D:2      | Learned a level 4 spell: Throw Icicle
  1144 | D:2      | Learned a level 4 spell: Summon Ice Beast
  1839 | D:3      | Noticed Sigmund
  2042 | D:4      | Noticed an orc warrior
  2210 | D:3      | Reached XP level 5. HP: 8/29 MP: 2/9
  3516 | D:3      | Reached XP level 6. HP: 34/34 MP: 11/11
  4310 | D:4      | Killed an orc warrior
  4310 | D:4      | Reached skill level 1 in Short Blades
  4647 | D:4      | Reached XP level 7. HP: 37/39 MP: 12/12
  4936 | D:4      | Found a sacrificial altar of Ru.
  4938 | D:4      | Found a deep blue altar of Sif Muna.
  4938 | D:4      | Found an opulent altar of Gozag.
  4939 | D:4      | Found a blossoming altar of Fedhas.
  5314 | D:5      | Entered Level 5 of the Dungeon
  5314 | D:5      | Noticed Edmund
  5810 | D:5      | Found a sparkling altar of Nemelex Xobeh.
  5820 | D:5      | Found a radiant altar of Vehumet.
  5967 | D:5      | Found Iphoskem's Weapon Boutique.
  6038 | D:4      | Killed Edmund
  6038 | D:4      | Reached skill level 5 in Stealth
  6038 | D:4      | Reached XP level 8. HP: 24/45 MP: 14/14
  6381 | D:5      | Found a glowing silver altar of Zin.
  6494 | D:6      | Found Yduag's Antique Weapon Emporium.
  6521 | D:6      | Bought a crystal dagger for 147 gold pieces
  6529 | D:5      | Identified the +10 dagger "Meil" {drain, +Rage rF+ MR+}
                  | (You bought it in a shop on level 6 of the Dungeon)
  6581 | D:3      | Killed Sigmund
  6826 | D:5      | Reached skill level 5 in Ice Magic
  7026 | D:6      | Reached skill level 5 in Spellcasting
  7328 | D:6      | Reached skill level 1 in Evocations
  7435 | D:6      | Reached XP level 9. HP: 47/50 MP: 16/16
  7478 | D:6      | Reached skill level 5 in Dodging
  7859 | D:7      | Found a staircase to the Ecumenical Temple.
  7877 | Temple   | Entered the Ecumenical Temple
  8159 | D:4      | Became a worshipper of Sif Muna the Loreminder
  9042 | D:7      | Noticed a hippogriff
  9050 | D:7      | Killed a hippogriff
  9050 | D:7      | Reached skill level 1 in Shields
  9265 | D:7      | Found an iron altar of Okawaru.
 10009 | D:8      | Noticed a death yak
 10036 | D:8      | Learned a level 2 spell: Poisonous Vapours
 10040 | D:8      | Learned a level 3 spell: Mephitic Cloud
 10106 | D:8      | Reached XP level 10. HP: 56/56 MP: 19/19
 10111 | D:8      | Reached skill level 5 in Conjurations
 10149 | D:8      | Noticed Grum
 10161 | D:8      | Found a bloodstained altar of Trog.
 10180 | D:8      | Killed Grum
 10343 | D:8      | Found a snail-covered altar of Cheibriados.
 10348 | D:8      | Found a shadowy altar of Dithmenos.
 10396 | D:8      | Noticed Psyche
 10403 | D:8      | Killed Psyche
 10403 | D:8      | Reached skill level 5 in Short Blades
 10953 | D:9      | Noticed a two-headed ogre
 10958 | D:9      | Killed a two-headed ogre
 10958 | D:9      | Reached * piety under Sif Muna
 10958 | D:9      | Reached skill level 5 in Fighting
 11126 | D:9      | Noticed a two-headed ogre
 11158 | D:9      | Killed a two-headed ogre
 11158 | D:9      | Reached XP level 11. HP: 64/64 MP: 1/21
 11301 | D:9      | Found an ornate altar of the Wu Jian Council.
 11359 | D:9      | Found a hazy altar of Hepliaklqana.
 11360 | D:9      | Found a shimmering altar of Xom.
 11428 | D:9      | Noticed an ogre mage
 11432 | D:9      | Paralysed by an ogre mage for 2 turns
 11439 | D:9      | Killed an ogre mage
 11826 | D:9      | Reached skill level 5 in Evocations
 11966 | D:10     | Entered Level 10 of the Dungeon
 12046 | D:10     | Noticed a two-headed ogre
 12154 | D:10     | Reached ** piety under Sif Muna
 12447 | D:10     | Found Zaolyk's Armour Emporium.
 12787 | D:11     | Found Fyxzol's Assorted Antiques.
 13643 | D:11     | Found a staircase to the Orcish Mines.
 13670 | D:11     | Reached *** piety under Sif Muna
 14327 | D:11     | Noticed a two-headed ogre
 14355 | D:11     | Killed a two-headed ogre
 14355 | D:11     | Reached XP level 12. HP: 45/70 MP: 5/25
 15372 | D:12     | Found a blossoming altar of Fedhas.
 16899 | D:12     | Reached skill level 5 in Shields
 17631 | D:8      | Found a staircase to the Lair.
 17631 | D:8      | Noticed a death yak
 17651 | D:8      | Noticed a death yak
 17760 | D:11     | Bought a potion of invisibility for 200 gold pieces
 17851 | D:8      | Killed a death yak
 17895 | Lair:1   | Entered Level 1 of the Lair of Beasts
 18496 | Lair:1   | Reached **** piety under Sif Muna
 19197 | Lair:1   | Reached XP level 13. HP: 74/74 MP: 26/26
 19296 | Lair:1   | Identified Sif Muna's Papyrus of Malediction and the
                  | Arsonist
 19301 | Lair:1   | Learned a level 2 spell: Ensorcelled Hibernation
 19306 | Lair:1   | Learned a level 4 spell: Sticky Flame
 19932 | Lair:2   | Found a runed door.
 20041 | Lair:2   | Noticed a four-headed hydra
 20666 | Lair:2   | Reached skill level 10 in Stealth
 20790 | Lair:2   | Noticed mora's ghost (journeyman SpVM)
 20844 | Lair:2   | Killed a four-headed hydra
 21000 | Lair:3   | Found a staircase to the Swamp.
 22144 | Lair:4   | Found a hole to the Spider Nest.
 22589 | Lair:4   | Reached ***** piety under Sif Muna
 22589 | Lair:4   | Received a gift from Sif Muna
 22815 | Lair:4   | Noticed Nessos
 23037 | Lair:4   | Reached skill level 10 in Spellcasting
 23139 | Lair:4   | Noticed Sonja
 23597 | Lair:4   | Noticed Rupert
 24274 | Lair:4   | Reached skill level 10 in Conjurations
 24274 | Lair:4   | Reached XP level 14. HP: 62/82 MP: 28/28
 26244 | Lair:6   | Entered Level 6 of the Lair of Beasts
 26352 | Lair:5   | Reached skill level 10 in Ice Magic
 27688 | Lair:6   | Found a runed door.
 27690 | Lair:6   | Found a viscous altar of Jiyva.
 27691 | Lair:6   | Found a staircase to the Slime Pits.
 27707 | Lair:6   | Received a gift from Sif Muna
 27732 | Lair:5   | Learned a level 6 spell: Bolt of Cold
 27739 | Lair:5   | Learned a level 6 spell: Freezing Cloud
 28584 | D:11     | Bought a scroll labeled RYKIBEFRUMN for 25 gold pieces
 28584 | D:11     | Bought a wooden wand for 100 gold pieces
 28584 | D:11     | Bought a bubbling grey potion for 22 gold pieces
 28915 | D:13     | Found a gate to the Vaults.
 29113 | D:12     | Reached XP level 15. HP: 88/88 MP: 30/30
 30511 | D:14     | Found Dyfoggia's Antique Weapon Emporium.
 30541 | D:14     | Found a labyrinth entrance.
 30554 | Lab      | Entered a labyrinth
 30931 | D:14     | Learned a level 4 spell: Fulminant Prism
 30976 | D:14     | Got a fine ring mail
 31238 | D:14     | Bought an ebony short sword for 296 gold pieces
 31241 | D:14     | Identified the +8 short sword "Pona" {holy, rPois Str+2
                  | Dex+4} (You bought it in a shop on level 14 of the Dungeon)
 31835 | D:11     | Bought a scroll of identify for 50 gold pieces
 31835 | D:11     | Identified the +5 ring mail of Pantheism {+Blink rElec rC++
                  | Dex-5} (You found it on level 14 of the Dungeon)
 32127 | D:15     | Entered Level 15 of the Dungeon
 32508 | D:15     | Found a white marble altar of Elyvilon.
 32532 | D:15     | Got a jewelled chain mail
 32951 | Orc:1    | Entered Level 1 of the Orcish Mines
 33238 | Orc:2    | Entered Level 2 of the Orcish Mines
 33433 | Orc:1    | Found a roughly hewn altar of Beogh.
 33848 | Orc:2    | Reached skill level 1 in Armour
 33849 | Orc:2    | Identified Sif Muna's Handbook of Calling and Necromancy
                  | (Sif Muna gifted it to you on level 2 of the Orcish Mines)
 33849 | Orc:2    | Received a gift from Sif Muna
 34157 | Orc:2    | Found Esiq's Assorted Antiques.
 34157 | Orc:2    | Found Taqahosa's Book Emporium.
 34158 | Orc:2    | Found Yhoigac's Jewellery Shoppe.
 34158 | Orc:2    | Found Cogarch's Magic Scroll Boutique.
 34484 | Orc:2    | Reached XP level 16. HP: 95/95 MP: 28/32
 34585 | Orc:2    | Found a large runed door.
 34585 | Orc:2    | Found a large runed door.
 34587 | Orc:2    | Found a staircase to the Elven Halls.
 34596 | Orc:2    | Noticed Gunterle's ghost (journeyman OpCj)
 35141 | Orc:2    | Upgraded the game from 0.22.1-2-g9c5b331383 to
                  | 0.22.1-5-g62c59d919a
 35195 | Elf:1    | Entered Level 1 of the Elven Halls
 36137 | Elf:1    | Reached skill level 1 in Fire Magic
 36400 | Elf:1    | Identified the Volume of Calling
 36473 | Elf:1    | Reached skill level 10 in Dodging
 36573 | Elf:1    | Noticed Nikola
 36842 | Swamp:1  | Entered Level 1 of the Swamp
 37919 | Swamp:2  | Identified Sif Muna's Handbook of Spatial Conjuration (Sif
                  | Muna gifted it to you on level 2 of the Swamp)
 37919 | Swamp:2  | Received a gift from Sif Muna
 38389 | Swamp:2  | Identified the cursed +0 chain mail "Obuung" {MR+ Str+4
                  | SInv} (You found it on level 15 of the Dungeon)
 38467 | Swamp:2  | Noticed a thorn hunter
 38470 | Swamp:2  | Killed a thorn hunter
 39992 | Swamp:4  | Entered Level 4 of the Swamp
 40361 | Swamp:3  | Reached XP level 17. HP: 81/100 MP: 2/33
 41184 | Swamp:4  | Noticed a thorn hunter
 41197 | Swamp:3  | Killed from afar by a thorn hunter

Skill      XL: |  1  2  3  4  5  6  7  8  9 10 11 12 13 14 15 16 |
---------------+-------------------------------------------------+-----
Stealth        | 3 5 6 7 9 10 11 12 | 12.0
Fighting       | 1 2 3 4 5 6 7 8 9 |  9.0
Spellcasting   | 3 4 5 6 9 10 11 12 | 12.9
Conjurations   | 2 3 4 5 6 9 10 11 12 | 12.9
Short Blades   | 1 2 3 4 6 8 9 |  9.0
Dodging        | 3 4 5 6 7 8 9 10 | 10.5
Ice Magic      | 4 5 6 7 9 10 11 12 | 12.9
Evocations     | 1 2 4 6 7 8 9 |  9.0
Shields        | 1 2 4 5 6 |  6.0
Armour         | 2 3 |  3.0
Fire Magic     | 1 |  1.0

Action                   |  1- 3 |  4- 6 |  7- 9 | 10-12 | 13-15 | 16-18 || total
-------------------------+-------+-------+-------+-------+-------+-------++-------
Melee: Unarmed           |     2 |       |       |       |       |       ||     2
       Whip              |     5 |    39 |       |       |       |       ||    44
       Spear             |       |    52 |    84 |       |       |       ||   136
       Dagger            |       |       |   123 |   503 |   738 |   149 ||  1513
       Short sword       |       |       |       |       |       |    43 ||    43
 Cast: Freeze            |    48 |    48 |    25 |    15 |    45 |     8 ||   189
       Throw Icicle      |       |     4 |    24 |    70 |   166 |   151 ||   415
       Summon Ice Beast  |       |     1 |     3 |       |     5 |     1 ||    10
       Poisonous Vapours |       |       |       |    22 |   101 |     3 ||   126
       Mephitic Cloud    |       |       |       |    10 |    10 |     8 ||    28
       Ensorcelled Hiber |       |       |       |       |    40 |    20 ||    60
       Sticky Flame      |       |       |       |       |    38 |     5 ||    43
       Bolt of Cold      |       |       |       |       |    10 |    18 ||    28
       Freezing Cloud    |       |       |       |       |       |    10 ||    10
       Fulminant Prism   |       |       |       |       |       |     4 ||     4
 Abil: Evoke Berserk Rag |       |       |     3 |     2 |       |       ||     5
Evoke: Wand              |       |       |       |    11 |    20 |    10 ||    41
  Use: Scroll            |       |     6 |     5 |    11 |    15 |     9 ||    46
       Potion            |       |     7 |     1 |     5 |     8 |     5 ||    26
 Stab: Sleeping          |       |     5 |    15 |    27 |    48 |    19 ||   114
       Invisible         |       |       |       |     4 |       |       ||     4
       Confused          |       |       |       |     5 |     1 |     1 ||     7
       Distracted        |       |       |       |     6 |     2 |       ||     8
  Eat: Chunk             |     9 |     9 |    29 |    50 |    59 |    29 ||   185
       Ration            |       |       |       |     1 |       |       ||     1
Armor: Robe              |    11 |     9 |     6 |    16 |    13 |       ||    55
       Skin              |       |       |       |     6 |     4 |       ||    10
       Troll leather arm |       |       |       |       |     9 |     8 ||    17
Dodge: Dodged            |    77 |   110 |   127 |   249 |   356 |   107 ||  1026
Block: Other             |       |       |    48 |    85 |     5 |       ||   138
       Reflection        |       |       |     1 |     2 |    12 |     5 ||    20
       Buckler           |       |       |       |       |   356 |   113 ||   469
